 Dungeon Crawl Stone Soup version 0.27-a0-1325-g58a489ad9e (webtiles) character file.

Game seed: 7870837232211513272

17 Sobieck the Ducker (level 2, -6/14 HPs)
             Began as a Felid Monk on June 25, 2021.
             Mangled by Sigmund (11 damage)
             ... on level 2 of the Dungeon.
             The game lasted 00:00:57 (486 turns).

Sobieck the Ducker (Felid Monk)                      Turns: 486, Time: 00:00:58

Health: -6/14      AC:  1    Str:  7    XL:     2   Next: 44%
Magic:  3/3        EV: 19    Int: 11    God:
Gold:   0          SH:  0    Dex: 18    Spells: 1/1 levels left
                                        Lives:  0   Deaths: 0

rFire    . . .     SeeInvis +     - Unarmed
rCold    . . .     Faith    .   (shield unavailable)
rNeg     . . .     Spirit   .   (armour unavailable)
rPois    .         Reflect  .   (helmet unavailable)
rElec    .         Harm     .   (cloak unavailable)
rCorr    .         Rampage  .   (gloves unavailable)
Will     .....                  (boots unavailable)
Stlth    +++.......             (no amulet)
HPRegen  0.04/turn              (no ring)
MPRegen  0.08/turn              (no ring)

@: quick
A: very small, claws 1, fangs 3, see invisible, speed 1, shaggy fur 1, stealthy
paws, no weapons or thrown items, no armour, multi-lived
a: no special abilities


You were on level 2 of the Dungeon.
You visited 1 branch of the dungeon, and saw 2 of its levels.


Innate Abilities, Weirdness & Mutations

You have sharp claws.
You have razor-sharp teeth.
You have supernaturally acute eyesight. (SInv)
You cover ground quickly. (Speed+)
You are covered in fur. (AC +1)
Your paws help you pounce on unaware monsters.
You are incapable of wielding weapons or throwing items.
You cannot wear armour.
You gain extra lives every three experience levels.


   Skills:
 + Level 3.2 Fighting
 + Level 4.3 Dodging
 + Level 3.2 Stealth
 + Level 3.2 Unarmed Combat


You had one spell level left.
You didn't know any spells.
Your spell library was empty.

Inventory:

Scrolls
 b - a scroll of fear {unknown}
Potions
 a - a potion of haste {unknown}
 c - a potion of resistance {unknown}

Dungeon Overview and Level Annotations

Branches:
Dungeon (2/15)

Altars:

Annotations:
D:2 Sigmund

############ .
...##.#... ..#
#.#...@#
....##....@.#### #
#............#
....####......##.#
.....:.<.#....# #
...########.#.....
######.# #########
.. #<......# .
#.......#


You could see Sigmund (strong, invisible).


Message History

You are too injured to fight recklessly!
Unknown command.
You scratch the ball python but do no damage.
The ball python closely misses you. The ball python misses you.
The hobgoblin completely misses you. The ball python misses you. x2
You scratch the ball python.
You kill the ball python!
The bat hits you.
The hobgoblin barely misses you. 😮 HP[-1]
You take 1 damage, and now have 9/14 hp.
You scratch the hobgoblin.
You kill the hobgoblin!
The bat closely misses you. The bat closely misses you.
You see here a hobgoblin corpse. 😮 HP[+1]
The bat completely misses you.
You are too injured to fight recklessly!
You are too injured to fight recklessly!
You are too injured to fight recklessly!
You scratch the bat.
You kill the bat!
You start resting. 😎 HP[+4]
Your hp is fully restored (14).
A jackal comes into view.
The jackal barks!
A jackal comes into view.
You see here a green potion.
You scratch the jackal but do no damage.
Your bite misses the jackal. The jackal completely misses you.
You barely miss the jackal. The jackal misses you.
The jackal completely misses you.
The jackal barks!
You scratch the jackal.
You kill the jackal!
You barely miss the jackal. The jackal misses you.
You scratch the jackal but do no damage.
The jackal misses you. x2
You scratch the jackal. The jackal misses you.
You miss the jackal. The jackal closely misses you.
You scratch the jackal. You bite the jackal.
You kill the jackal!
No target in view!
c - a green potion You see here a jackal corpse.
An endoplasm comes into view.
Found a stone staircase leading down.
A kobold comes into view. It is wielding a +0 dagger.
The kobold shouts!
The endoplasm quivers.
You scratch the endoplasm. The endoplasm completely misses you.
You scratch the endoplasm.
You kill the endoplasm!
The kobold throws a stone.
The stone hits you but does no damage.
You barely miss the kobold.
The kobold hits you with a +0 dagger. 😮 HP[-4]
You take 4 damage, and now have 10/14 hp.
MASSIVE DAMAGE!! (PAUSE)
You miss the kobold.
The kobold hits you with a +0 dagger. 😮 HP[-2]
You take 2 damage, and now have 8/14 hp.
You scratch the kobold but do no damage.
The kobold closely misses you.
You closely miss the kobold. The kobold completely misses you.
You scratch the kobold. Your bite misses the kobold.
The kobold closely misses you.
You scratch the kobold.
You kill the kobold!
You start resting. 😎 HP[+6]
Your hp is fully restored (14).
(D) Dungeon
Where to? (Enter - D:2, ? - help)
There is a stone staircase leading down here.
You climb downwards.
Sigmund the Dreaded comes into view.
He is wielding a +0 scythe.
There is a stone staircase leading up here.
The helpless Sigmund fails to defend himself.
You mangle Sigmund!! Sigmund barely misses you.
You scratch Sigmund but do no damage. Your bite misses Sigmund.
Sigmund points at you and mumbles some strange words.
The magic dart hits you!
Ouch! That really hurt!
* * * LOW HITPOINT WARNING * * *
😨 HP[-9]
You take 9 damage, and now have 5/14 hp.
MASSIVE DAMAGE!! (PAUSE)
You barely miss Sigmund.
Sigmund drinks a potion.
Sigmund seems to grow stronger.
You barely miss Sigmund. Sigmund casts a spell at you.
You resist with some effort.
You scratch Sigmund.
Sigmund gestures wildly while chanting.
Sigmund flickers and vanishes for a moment.
You barely miss Sigmund. Sigmund hits you with a +0 scythe!
Ouch! That really hurt!
You die...

Skill      XL: |  1 |
---------------+----+-----
Stealth        | 3 |  3.2
Fighting       | |  3.2
Dodging        | |  4.3
Unarmed Combat | |  3.2

Action                   || total
-------------------------++-------
Melee: Unarmed           ||    42
       Bite              ||     1
 Stab: Sleeping          ||     1
Armor: Skin              ||     2
Dodge: Dodged            ||    41

Levels and vault maps discovered:
D:1:      minmay_arrival_glassed_features, layout_rooms,
          hellmonk_ecumenical_altar_blasted, hangedman_decor_growths
D:2:      layout_loops_cross, uniq_sigmund

Notes
Turn   | Place    | Note
-------+----------+-------------------------------------------
     0 | D:1      | Sobieck the Felid Monk began the quest for the Orb.
     0 | D:1      | Reached XP level 1. HP: 10/10 MP: 2/2
     0 | D:1      | magus.rc [v1.9.6]
   120 | D:2      | Reached skill level 3 in Stealth
   182 | D:1      | Reached XP level 2. HP: 12/14 MP: 3/3
   475 | D:2      | Noticed Sigmund
   486 | D:2      | Mangled by Sigmund

Vanquished Creatures
  A dart slug (D:2)
  2 ball pythons
  A bat (D:1)
  An endoplasm (D:1)
  A goblin (D:2)
  2 hobgoblins (D:1)
  2 jackals (D:1)
  A quokka (D:1)
  A kobold (D:1)
12 creatures vanquished.

Table legend:
 A = Non-vault XP
 B = Vault XP
 C = Vault XP percentage of total XP
 D = Non-vault monster count
 E = Vault monster count
 F = Vault count percentage of total count
                 A         B        C        D         E       F
            +---------+---------+-------+---------+---------+-------
      Total |      25 |       0 |   0.0 |      12 |       0 |   0.0
            +---------+---------+-------+---------+---------+-------
        D:1 |      17 |       0 |   0.0 |       9 |       0 |   0.0
        D:2 |       8 |       0 |   0.0 |       3 |       0 |   0.0
            +---------+---------+-------+---------+---------+-------

Illustrated notes

Table legend:
 A = Kills in this place as a percentage of kills in entire the game.
 B = Kills by you in this place as a percentage of kills by you in the entire game.
 C = Kills by friends in this place as a percentage of kills by friends in the entire game.
 D = Other kills in this place as a percentage of other kills in the entire game.
 E = Experience gained in this place as a percentage of experience gained in the entire game.
 F = Experience gained in this place divided by the number of levels of this place that you have seen.
                   A       B       C       D       E      F
               +-------+-------+-------+-------+-------+----------------------
         Total | 100.0 | 100.0 |   N/A |   N/A | 100.0 |  12.5
       Dungeon | 100.0 | 100.0 |   N/A |   N/A | 100.0 |  12.5
               +-------+-------+-------+-------+-------+----------------------

Table legend: (Time is in decaauts)
 A = Elapsed time spent in this place.
 B = Non-inter-level travel time spent in this place.
 C = Inter-level travel time spent in this place.
 D = Time resting spent in this place.
 E = Time spent auto-exploring this place.
 F = Levels seen in this place.
 G = Mean time per level.
                   A        B        C        D        E       F      G
               +--------+--------+--------+--------+--------+-----+--------+
         Total |    466 |    459 |      7 |    288 |     83 |   2 |  233.0 |
       Dungeon |    466 |    459 |      7 |    288 |     83 |   2 |  233.0 |
               +--------+--------+--------+--------+--------+-----+--------+

Top non-repeatable levels by time:
     D:1: 372 daAuts
     D:2: 94 daAuts
